 Dungeon Crawl Stone Soup version 0.29.0-4-gdea44cf6ec (webtiles) character file.

Game seed: 10159954483887486036

5635 qw the Cleaver (level 10, -3/65 HPs)
             Began as a Gargoyle Fighter on Sept 9, 2022.
             Was an Elder of Okawaru.
             Slain by a red ugly thing (13 damage)
             ... on level 7 of the Dungeon.
             The game lasted 00:03:40 (7087 turns).

qw the Cleaver (Gargoyle Fighter)                   Turns: 7087, Time: 00:03:41

Health: -3/65      AC: 28    Str: 39    XL:     10   Next: 74%
Magic:  12/14      EV: 11    Int:  9    God:    Okawaru [****..]
Gold:   336        SH:  6    Dex:  9    Spells: 9/9 levels left

rFire   . . .      SeeInvis .   t - +0 broad axe
rCold   x . .      Faith    .   c - +0 buckler
rNeg    + . .      Spirit   .   b - +5 chain mail "Pyaroc" {rElec rC- Str+6 Stlth-}
rPois   inf        Reflect  .   (no helmet)
rElec   +          Harm     .   j - +0 cloak
rCorr   .          Rampage  .   o - +2 pair of gloves {Str+3}
Will    +....                   (no boots)
Stlth   ..........              (no amulet)
HPRegen 0.20/turn               n - +6 ring of strength
MPRegen 0.14/turn               r - ring of willpower

@: about to teleport, heroic
A: sickness immunity, AC +7, negative energy resistance 1, electricity
resistance, torment resistance 1, petrification resistance
a: Renounce Religion, Heroism, Finesse


You were on level 7 of the Dungeon.
You worshipped Okawaru.
Okawaru was greatly pleased with you.
You visited 2 branches of the dungeon, and saw 8 of its levels.
You also visited: Sewer.

You collected 369 gold pieces.
You spent 33 gold pieces at shops.


Innate Abilities, Weirdness & Mutations

You are immune to sickness and miasma.
Your stone body is resilient. (AC +7)
You are immune to poison.
You resist negative energy. (rN+)
You are resistant to electric shocks. (rElec)
You are resistant to unholy torment.
You are immune to petrification.


   Skills:
 - Level 8.4(13.4) Fighting
 + Level 10.2(15.2) Axes
 - Level 3.7(8.7) Throwing
 - Level 5.0(10.0) Armour
 - Level 2.0(7.0) Dodging
 - Level 5.2(10.2) Shields
 + Level 5.4 Invocations


You had 9 spell levels left.
You didn't know any spells.
Your spell library was empty.

Inventory:

Hand Weapons
 t - a +0 broad axe (weapon)
 Y - a +0 war axe of flaming
Armour
 b - the +5 chain mail "Pyaroc" (worn) {rElec rC- Str+6 Stlth-}
   (You took it off a gnoll on level 4 of the Dungeon)

   Str:       It affects your strength (+6).
   rC:        It makes you vulnerable to cold.
   rElec:     It insulates you from electricity.
   Stlth:     It makes you less stealthy.
 c - a +0 buckler (worn)
 j - a +0 cloak (worn)
 o - a +2 pair of gloves of strength (worn)
Jewellery
 n - a +6 ring of strength (left hand)
 r - a ring of willpower (right hand)
Scrolls
 a - 3 scrolls of identify
 i - a scroll of teleportation
 u - a scroll of enchant weapon {unknown}
Potions
 d - a potion of might
 e - a potion of resistance
 f - 2 potions of lignification
 g - a potion of cancellation
 h - 2 potions of curing
 l - a potion of attraction
 m - a potion of mutation
 p - 3 potions of haste
 s - a potion of brilliance {unknown}

Dungeon Overview and Level Annotations

Branches:
Dungeon (7/15)             Temple (1/1) D:4           Sewer (visited)

Altars:
Ashenzari
Cheibriados
Dithmenos
Fedhas
Hepliaklqana
Kikubaaqudgha
Makhleb
Okawaru
Qazlal
Trog
Uskayaw
Vehumet
Wu Jian
Xom
Zin
The Shining One

Shops:
D:2 :   D:3 [   D:5 *   D:6 *

Annotations:
D:5 3 runed translucent doors, qw's ghost, novice DsCA


Message History

The brown ugly thing pecks you.
You are splashed with acid!
7076 ||| INVOKING Heroism.
You gain the combat prowess of a mighty hero.
You block the brown ugly thing's attack.
You slash the brown ugly thing!
The brown ugly thing is almost dead.
You barely miss the brown ugly thing.
The brown ugly thing is almost dead.
The brown ugly thing closely misses you.
You slash the brown ugly thing!
You kill the brown ugly thing!
Okawaru is honoured by your kill.
Your base Shields skill increases to level 5!
Your Invocations skill increases to level 5!
You slash the yak!
The yak is moderately wounded.
The yak barely misses you.
You slash the yak!
The yak is heavily wounded.
The yak gores you but does no damage.
You slice the yak!!
You kill the yak!
Okawaru accepts your kill.
You hear a bellow!
You closely miss the red ugly thing. You block the red ugly thing's attack.
You slash the red ugly thing!
The red ugly thing is lightly wounded.
The red ugly thing headbutts you but does no damage.
You closely miss the red ugly thing.
The red ugly thing is lightly wounded.
The red ugly thing headbutts you!
You are engulfed in flames!
7086 ||| READING 2 scrolls of teleportation.
As you read the scroll of teleportation, it crumbles to dust.
You feel strangely unstable.
The red ugly thing headbutts you but does no damage.
You open the red ugly thing like a pillowcase!!!
The red ugly thing is almost dead.
The red ugly thing headbutts you.
You are engulfed in flames!
You die...

# ##.##9#.#.##.#.#
#..#.#.#.#)#...#
##.###.#?#.###..#
##..##9#.#.#.# ..#
#..##.#D#)# #.##..
..##h##### #.##
.##.. #..# .# #u##
.# #####Y'#@# ##
:...u.##.## #
.8(.###...# #
Y8.####...## #.#.#
.. .).# #..#..# ....
. #.# ##..#..##
#...# # #.#
#.......#.....#.: #
##.....###....#'###
###
#.###.###.#.........


You could see a red ugly thing.

Vanquished Creatures
  An ugly thing (D:7)
  A cyclops (D:7)
  A gargoyle (D:7)
  Grinder (D:5)
  A vampire (D:7)
  A yak (D:7)
  5 humans (D:7)
  Eustachio (D:4)
  A steam dragon (D:7)
  Edmund (D:4)
  An acid dragon (D:7)
  A water moccasin (D:6)
  2 orc warriors (D:7)
  An ice beast (D:6)
  A black bear (D:7)
  2 ogres
  4 centaurs
  2 phantoms
  Blork the orc (D:6)
  2 kobold brigands
  3 bullfrogs
  2 necrophages
  2 scorpions (D:6)
  A killer bee (D:7)
  6 howler monkeys (D:7)
  A hound (D:7)
  A jelly (D:5)
  2 orc priests (D:7)
  5 gnoll boudas
  2 iguanas (D:6)
  7 orc wizards
  19 gnolls
  A river rat (D:3)
  9 adders
  A shadow imp (D:7)
  A white imp (D:7)
  2 ufetubi
  4 worms
  4 dart slugs
  7 orcs
  22 ball pythons
  6 bats
  9 endoplasms
  8 giant cockroaches
  7 goblins
  2 hobgoblins
  7 jackals (D:1)
  11 quokkas
  12 frilled lizards
  19 kobolds
  3 rats (D:3)
217 creatures vanquished.

Vanquished Creatures (others)
  9 plants
9 creatures vanquished.

Grand Total: 226 creatures vanquished

Notes
Turn   | Place    | Note
-------+----------+-------------------------------------------
     0 | D:1      | qw the Gargoyle Fighter began the quest for the Orb.
     0 | D:1      | Reached XP level 1. HP: 14/14 MP: 1/1
     0 | D:1      | 0 ||| qw: Version: 0.1-a-113-g051387a
     0 | D:1      | 0 ||| qw: Game counter: 6904
     0 | D:1      | 0 ||| qw: Always use a shield: true
     0 | D:1      | 0 ||| qw: God list: Okawaru
     0 | D:1      | 0 ||| qw: Allow faded altars: false
     0 | D:1      | 0 ||| qw: Do Orc after D:15 true
     0 | D:1      | 0 ||| qw: Do second Lair branch before Depths: true
     0 | D:1      | 0 ||| qw: Lair rune preference: random
     0 | D:1      | 0 ||| qw: Plans: Normal, Zot, God:TSO, Crypt, Tomb, Zig,
                  | Orb
     0 | D:1      | 0 ||| PLANNING D:1-11
    25 | D:1      | Reached skill level 2 in Axes
    25 | D:1      | Reached XP level 2. HP: 17/19 MP: 2/2
    76 | D:1      | Found a faded altar of an unknown god.
   154 | D:1      | Reached skill level 3 in Axes
   163 | D:1      | 163 ||| Stepping ~*~*~tactically~*~*~ (stealth).
   166 | D:1      | 166 ||| Stepping ~*~*~tactically~*~*~ (stealth).
   169 | D:1      | Reached XP level 3. HP: 21/23 MP: 3/3
   259 | D:1      | 259 ||| Stepping ~*~*~tactically~*~*~ (stealth).
   662 | D:1      | 662 ||| READING 2 scrolls labelled PILAUCE IGAVI.
   663 | D:1      | 663 ||| READING scroll labelled XYFOPI YPUQA.
   664 | D:1      | 664 ||| READING scroll labelled SEYGEA BOEHOPH.
   805 | D:2      | 805 ||| Stepping ~*~*~tactically~*~*~ (stealth).
   806 | D:2      | 806 ||| Stepping ~*~*~tactically~*~*~ (stealth).
   807 | D:2      | 807 ||| Stepping ~*~*~tactically~*~*~ (stealth).
   811 | D:2      | 811 ||| FLEEEEING.
   812 | D:2      | 812 ||| FLEEEEING.
   813 | D:2      | 813 ||| FLEEEEING.
   814 | D:2      | 814 ||| FLEEEEING.
   815 | D:2      | 815 ||| FLEEEEING.
   816 | D:2      | 816 ||| FLEEEEING.
   817 | D:2      | 817 ||| FLEEEEING.
   818 | D:2      | 818 ||| FLEEEEING.
   819 | D:2      | 819 ||| FLEEEEING.
   820 | D:2      | 820 ||| FLEEEEING.
   821 | D:2      | 821 ||| FLEEEEING.
   825 | D:2      | Reached XP level 4. HP: 25/28 MP: 4/4
   830 | D:2      | 830 ||| STAIRDANCE
   868 | D:1      | 868 ||| READING scroll labelled PUEXKOFUTU.
  1000 | D:2      | Reached skill level 4 in Axes
  1077 | D:2      | Found Gunahumm's Book Emporium.
  1285 | D:2      | 1285 ||| UPGRADING to +0 cloak.
  1290 | D:2      | 1290 ||| READING scroll labelled SEZOXT HOEH VIFEP.
  1291 | D:2      | 1291 ||| DRINKING 2 bubbling blue potions.
  1333 | D:2      | 1333 ||| READING 5 scrolls of identify.
  1333 | D:2      | 1333 ||| IDENTIFYING fuming cyan potion
  1334 | D:2      | 1334 ||| READING 4 scrolls of identify.
  1334 | D:2      | 1334 ||| IDENTIFYING dark potion
  1358 | D:3      | 1358 ||| PLANNING SEWER
  1360 | D:3      | 1360 ||| STAIRDANCE
  1512 | D:3      | Found a glowing drain.
  1526 | D:3      | 1526 ||| UPGRADING to +0 chain mail.
  1536 | D:3      | 1536 ||| DROPPING +0 scale mail.
  1537 | D:3      | 1537 ||| READING 3 scrolls of identify.
  1537 | D:3      | 1537 ||| IDENTIFYING bubbling purple potion
  1554 | Sewer    | Entered a sewer
  1797 | Sewer    | Reached XP level 5. HP: 32/32 MP: 5/5
  1852 | Sewer    | 1852 ||| Stepping ~*~*~tactically~*~*~ (water).
  1867 | Sewer    | 1867 ||| Stepping ~*~*~tactically~*~*~ (water).
  2076 | Sewer    | 2076 ||| Stepping ~*~*~tactically~*~*~ (water).
  2084 | Sewer    | Reached skill level 5 in Axes
  2086 | Sewer    | Reached XP level 6. HP: 20/38 MP: 6/6
  2249 | Sewer    | 2249 ||| DROPPING orb of energy.
  2250 | Sewer    | 2250 ||| UPGRADING to +1 chain mail of cold resistance.
  2260 | Sewer    | 2260 ||| DROPPING +0 chain mail.
  2261 | Sewer    | 2261 ||| READING scroll labelled BET GATIOMOBB.
  2275 | D:3      | 2275 ||| PLANNING D:1-11
  2410 | D:3      | 2410 ||| Stepping ~*~*~tactically~*~*~ (stealth).
  2470 | D:3      | Found Nageh's Antique Armour Shop.
  2479 | D:3      | 2479 ||| SHOPLISTING shiny chain mail (195 gold, have 93).
  2841 | D:3      | 2841 ||| UPGRADING to +1 pair of gloves of strength.
  2846 | D:3      | 2846 ||| READING scroll labelled LINUKK LEIXT.
  2847 | D:3      | 2847 ||| READING scroll labelled NOISOHUUKE.
  2848 | D:3      | 2848 ||| READING scroll labelled CUHIRU XUEFE.
  2849 | D:3      | 2849 ||| READING 4 scrolls of identify.
  2849 | D:3      | 2849 ||| IDENTIFYING smoky golden potion
  2850 | D:3      | 2850 ||| READING 3 scrolls of identify.
  2850 | D:3      | 2850 ||| IDENTIFYING fuming purple potion
  2851 | D:3      | 2851 ||| READING 2 scrolls of identify.
  2851 | D:3      | 2851 ||| IDENTIFYING lumpy green potion
  2852 | D:3      | 2852 ||| DROPPING potion of berserk rage.
  2853 | D:3      | 2853 ||| DROPPING potion of ambrosia.
  2889 | D:4      | 2889 ||| STAIRDANCE
  2946 | D:4      | 2946 ||| Stepping ~*~*~tactically~*~*~ (hiding).
  3114 | D:4      | Noticed Eustachio
  3130 | D:4      | 3130 ||| Stepping ~*~*~tactically~*~*~ (hiding).
  3143 | D:4      | 3143 ||| Stepping ~*~*~tactically~*~*~ (stealth).
  3145 | D:4      | 3145 ||| FLEEEEING.
  3146 | D:4      | 3146 ||| FLEEEEING.
  3147 | D:4      | 3147 ||| FLEEEEING.
  3148 | D:4      | 3148 ||| Stepping ~*~*~tactically~*~*~ (hiding).
  3151 | D:4      | 3151 ||| Stepping ~*~*~tactically~*~*~ (hiding).
  3167 | D:4      | Killed Eustachio
  3168 | D:4      | Reached skill level 6 in Axes
  3168 | D:4      | Reached XP level 7. HP: 35/43 MP: 7/7
  3213 | D:4      | Identified the +5 chain mail "Pyaroc" {rElec rC- Str+6
                  | Stlth-}
  3250 | D:4      | Found a staircase to the Ecumenical Temple.
  3251 | D:4      | 3251 ||| PLANNING TEMPLE
  3251 | D:4      | 3251 ||| UPGRADING to +5 chain mail "Pyaroc" {rElec rC-
                  | Str+6 Stlth-}.
  3261 | D:4      | 3261 ||| DROPPING +1 chain mail of cold resistance.
  3270 | Temple   | Entered the Ecumenical Temple
  3323 | Temple   | Became a worshipper of Warmaster Okawaru
  3329 | Temple   | 3329 ||| PLANNING D:1-11
  3350 | D:4      | Noticed Edmund
  3360 | D:4      | 3360 ||| DRINKING 2 potions of cancellation.
  3367 | D:4      | Killed Edmund
  3371 | D:4      | 3371 ||| READING scroll of enchant armour.
  3371 | D:4      | 3371 ||| ENCHANTING +1 pair of gloves of strength.
  3442 | D:4      | Found a hide-covered altar of Uskayaw.
  3797 | D:4      | 3797 ||| Stepping ~*~*~tactically~*~*~ (stealth).
  3823 | D:4      | 3823 ||| Stepping ~*~*~tactically~*~*~ (stealth).
  3860 | D:4      | 3860 ||| Stepping ~*~*~tactically~*~*~ (stealth).
  3862 | D:4      | 3862 ||| Stepping ~*~*~tactically~*~*~ (hiding).
  3873 | D:4      | Reached skill level 1 in Throwing
  4033 | D:4      | 4033 ||| READING scroll labelled FAJIYWKUNA.
  4034 | D:4      | 4034 ||| READING scroll labelled NUPPA LYBAOMO.
  4035 | D:4      | 4035 ||| DROPPING +4 flail.
  4066 | D:5      | Entered Level 5 of the Dungeon
  4095 | D:5      | Found Ohomneoz's Neck Hole.
  4100 | D:5      | 4100 ||| SHOPLISTING amulet of reflection (330 gold, have
                  | 251).
  4100 | D:5      | 4100 ||| SHOPLISTING amulet of regeneration (330 gold, have
                  | 251).
  4252 | D:5      | Reached * piety under Okawaru
  4253 | D:5      | Reached skill level 7 in Axes
  4369 | D:5      | Found a radiant altar of Vehumet.
  4370 | D:5      | Found a snail-covered altar of Cheibriados.
  4372 | D:5      | Found a shimmering altar of Xom.
  4375 | D:5      | Found a hazy altar of Hepliaklqana.
  4376 | D:5      | Found a glowing golden altar of the Shining One.
  4456 | D:5      | Found a runed translucent gate.
  4457 | D:5      | Found a runed translucent gate.
  4460 | D:5      | Found a runed translucent gate.
  4462 | D:5      | Noticed qw's ghost (novice DsCA)
  4465 | D:5      | Reached skill level 1 in Invocations
  4465 | D:5      | Reached XP level 8. HP: 39/48 MP: 8/8
  4586 | D:5      | Noticed Grinder
  4587 | D:5      | 4587 ||| Stepping ~*~*~tactically~*~*~ (hiding).
  4590 | D:5      | 4590 ||| INVOKING Heroism.
  4591 | D:5      | 4591 ||| INVOKING Heroism.
  4593 | D:5      | Paralysed by Grinder for 5 turns
  4603 | D:5      | 4603 ||| INVOKING Heroism.
  4607 | D:5      | Killed Grinder
  4608 | D:5      | Reached skill level 3 in Invocations
  4670 | D:5      | 4670 ||| INVOKING Heroism.
  4991 | D:5      | 4991 ||| READING scroll labelled LINUECA JUKIASCH.
  4992 | D:5      | 4992 ||| READING 4 scrolls of identify.
  4992 | D:5      | 4992 ||| IDENTIFYING blue potion
  5121 | D:6      | Noticed Blork the orc
  5122 | D:6      | 5122 ||| Stepping ~*~*~tactically~*~*~ (hiding).
  5125 | D:6      | 5125 ||| INVOKING Heroism.
  5132 | D:6      | Killed Blork the orc
  5133 | D:6      | Reached skill level 8 in Axes
  5195 | D:6      | 5195 ||| Stepping ~*~*~tactically~*~*~ (stealth).
  5197 | D:6      | 5197 ||| Stepping ~*~*~tactically~*~*~ (stealth).
  5199 | D:6      | 5199 ||| Stepping ~*~*~tactically~*~*~ (hiding).
  5202 | D:6      | 5202 ||| INVOKING Heroism.
  5212 | D:6      | Reached XP level 9. HP: 48/54 MP: 10/12
  5274 | D:6      | 5274 ||| UPGRADING to +6 ring of strength.
  5275 | D:6      | 5275 ||| READING 3 scrolls of identify.
  5275 | D:6      | 5275 ||| IDENTIFYING green potion
  5276 | D:6      | 5276 ||| READING 2 scrolls of identify.
  5276 | D:6      | 5276 ||| IDENTIFYING smoky brown potion
  5277 | D:6      | 5277 ||| READING 4 scrolls of teleportation.
  5278 | D:6      | 5278 ||| FLEEEEING.
  5279 | D:6      | 5279 ||| FLEEEEING.
  5296 | D:6      | Reached skill level 6 in Fighting
  5358 | D:6      | Found Sitonue's General Store.
  5363 | D:6      | 5363 ||| BUYING scroll of teleportation (33 gold).
  5363 | D:6      | Bought a scroll of teleportation for 33 gold pieces
  5433 | D:6      | 5433 ||| Stepping ~*~*~tactically~*~*~ (stealth).
  5442 | D:6      | 5442 ||| INVOKING Heroism.
  5454 | D:6      | Reached ** piety under Okawaru
  5512 | D:6      | 5512 ||| Stepping ~*~*~tactically~*~*~ (stealth).
  5513 | D:6      | 5513 ||| Stepping ~*~*~tactically~*~*~ (stealth).
  5518 | D:6      | 5518 ||| Stepping ~*~*~tactically~*~*~ (stealth).
  5573 | D:6      | 5573 ||| Stepping ~*~*~tactically~*~*~ (stealth).
  5575 | D:6      | 5575 ||| UPGRADING to ring of willpower.
  5576 | D:6      | 5576 ||| READING 4 scrolls of teleportation.
  5577 | D:6      | 5577 ||| FLEEEEING.
  5578 | D:6      | 5578 ||| FLEEEEING.
  5669 | D:7      | 5669 ||| Stepping ~*~*~tactically~*~*~ (hiding).
  5674 | D:7      | 5674 ||| INVOKING Heroism.
  5969 | D:7      | 5969 ||| Stepping ~*~*~tactically~*~*~ (stealth).
  5970 | D:7      | 5970 ||| Stepping ~*~*~tactically~*~*~ (stealth).
  5976 | D:7      | Reached skill level 9 in Axes
  5976 | D:7      | 5976 ||| Stepping ~*~*~tactically~*~*~ (stealth).
  5982 | D:7      | 5982 ||| INVOKING Heroism.
  6025 | D:7      | 6025 ||| Stepping ~*~*~tactically~*~*~ (hiding).
  6035 | D:7      | 6035 ||| INVOKING Heroism.
  6052 | D:7      | 6052 ||| SWAPPING to +0 broad axe.
  6089 | D:7      | 6089 ||| Stepping ~*~*~tactically~*~*~ (stealth).
  6189 | D:7      | 6189 ||| Stepping ~*~*~tactically~*~*~ (stealth).
  6190 | D:7      | 6190 ||| Stepping ~*~*~tactically~*~*~ (stealth).
  6272 | D:7      | 6272 ||| INVOKING Heroism.
  6294 | D:7      | 6294 ||| Stepping ~*~*~tactically~*~*~ (hiding).
  6295 | D:7      | 6295 ||| Stepping ~*~*~tactically~*~*~ (hiding).
  6328 | D:7      | 6328 ||| Stepping ~*~*~tactically~*~*~ (stealth).
  6328 | D:7      | Noticed a gargoyle
  6329 | D:7      | 6329 ||| Stepping ~*~*~tactically~*~*~ (hiding).
  6335 | D:7      | 6335 ||| INVOKING Heroism.
  6336 | D:7      | HP: 10/57 [acid dragon/splash of acid (18)]
  6337 | D:7      | 6337 ||| READING 3 scrolls of teleportation.
  6338 | D:7      | 6338 ||| DRINKING potion of heal wounds.
  6545 | D:7      | 6545 ||| Stepping ~*~*~tactically~*~*~ (stealth).
  6593 | D:7      | 6593 ||| Stepping ~*~*~tactically~*~*~ (stealth).
  6600 | D:7      | 6600 ||| FLEEEEING.
  6601 | D:7      | 6601 ||| FLEEEEING.
  6684 | D:7      | Reached XP level 10. HP: 63/63 MP: 13/13
  6722 | D:7      | Reached *** piety under Okawaru
  6747 | D:7      | 6747 ||| INVOKING Heroism.
  6753 | D:7      | Reached skill level 10 in Axes
  6772 | D:7      | Noticed a cyclops
  6775 | D:7      | 6775 ||| INVOKING Heroism.
  6779 | D:7      | Killed a gargoyle
  6780 | D:7      | Killed a cyclops
  6780 | D:7      | Reached **** piety under Okawaru
  6781 | D:7      | Reached skill level 3 in Throwing
  6936 | D:7      | 6936 ||| FLEEEEING.
  6938 | D:7      | 6938 ||| FLEEEEING.
  6944 | D:7      | 6944 ||| Stepping ~*~*~tactically~*~*~ (stealth).
  6950 | D:7      | 6950 ||| INVOKING Heroism.
  6999 | D:7      | 6999 ||| Stepping ~*~*~tactically~*~*~ (hiding).
  7004 | D:7      | 7004 ||| INVOKING Heroism.
  7013 | D:7      | 7013 ||| Stepping ~*~*~tactically~*~*~ (cloud).
  7068 | D:7      | Noticed a red ugly thing
  7068 | D:7      | Noticed a brown ugly thing
  7072 | D:7      | 7072 ||| Stepping ~*~*~tactically~*~*~ (stealth).
  7076 | D:7      | 7076 ||| INVOKING Heroism.
  7079 | D:7      | Killed a brown ugly thing
  7085 | D:7      | HP: 16/65 [red ugly thing (17)]
  7086 | D:7      | 7086 ||| READING 2 scrolls of teleportation.
  7087 | D:7      | Slain by a red ugly thing

Levels and vault maps discovered:
D:1:      evilmike_arrival_crescent, layout_rooms,
          shapermc_ecumenical_altar_acropolis, chequers_serial_rivers_large_b
D:2:      layout_rooms, serial_shops, shop, serial_bayou_lagoon_a
D:3:      layout_loops_ring, serial_shops, shop_fountains, portal_sewer_entry_a
D:4:      minmay_evil_eye, layout_loops_cross, amcnicky_altar_gilded,
          minmay_temple_entry_butterflies, uniq_eustachio, uniq_edmund
D:5:      layout_loops_ring, grunt_temple_overflow_open,
          ebering_ghost_rock_garden, nicolae_shop_sticking_my_neck_out,
          uniq_grinder
D:6:      layout_cave_pools, serial_shops, shop, serial_glass, glass_columns_b,
          glass_columns_c, minmay_strange_pillars, feat_on_display,
          minmay_strange_pillars, uniq_blork_the_orc
D:7:      minmay_the_grid_triangle_9x9_recursive_2
          [minmay_the_grid_triangle_9x9_prize_insulated,
          minmay_the_grid_triangle_9x9_intruding_spiral,
          minmay_the_grid_triangle_9x9_dagger,
          minmay_the_grid_triangle_9x9_checkered], layout_basic,
          grunt_temple_overflow_opulence, mainiacjoe_overflow_two_lobes,
          minmay_ruffians
Temple:   zaba_magenta_temple

Skill      XL: |  1  2  3  4  5  6  7  8  9 10 |
---------------+-------------------------------+-----
Axes           | 2 3 4 5 6 7 8 9 10 | 10.2
Fighting       | 4 5 7 8 |  8.4
Dodging        | 2 |  2.0
Throwing       | 1 2 3 |  3.7
Invocations    | 1 4 5 |  5.4
Armour         | 4 5 |  5.0
Shields        | 4 5 |  5.2

Action                   |  1- 3 |  4- 6 |  7- 9 | 10-12 || total
-------------------------+-------+-------+-------+-------++-------
Melee: War axe           |    91 |   245 |   215 |       ||   551
       Broad axe         |       |       |    46 |    66 ||   112
Throw: Javelin           |       |       |    41 |     2 ||    43
Invok: Heroism           |       |       |    11 |     5 ||    16
  Use: Scroll            |     3 |    12 |    10 |     1 ||    26
       Potion            |       |     1 |     2 |       ||     3
 Stab: Distracted        |       |       |     1 |       ||     1
Armor: Scale mail        |    45 |    21 |       |       ||    66
       Chain mail        |       |   149 |   197 |    45 ||   391
Dodge: Dodged            |    32 |   105 |   103 |    44 ||   284
Block: Buckler           |    21 |    59 |    52 |    16 ||   148

Table legend:
 A = Non-vault XP
 B = Vault XP
 C = Vault XP percentage of total XP
 D = Non-vault monster count
 E = Vault monster count
 F = Vault count percentage of total count
                 A         B        C        D         E       F
            +---------+---------+-------+---------+---------+-------
      Total |    3557 |    4494 |  55.8 |     143 |      74 |  34.1
            +---------+---------+-------+---------+---------+-------
        D:1 |      67 |       0 |   0.0 |      28 |       0 |   0.0
        D:2 |      44 |       0 |   0.0 |      16 |       0 |   0.0
        D:3 |      54 |      16 |  22.9 |      12 |       3 |  20.0
        D:4 |     171 |     357 |  67.6 |      12 |       4 |  25.0
        D:5 |     494 |     277 |  35.9 |      14 |       1 |   6.7
        D:6 |    1166 |      99 |   7.8 |      25 |       1 |   3.8
        D:7 |    1561 |    3493 |  69.1 |      36 |      21 |  36.8
      Sewer |       0 |     252 | 100.0 |       0 |      44 | 100.0
            +---------+---------+-------+---------+---------+-------
